AoeStats
← Red Calypso

Hill Fort

504357147Analyzed
4v4 RM · 28d ago on Sep 5, 2026· 49m 11s· 8 players
Game mode
Random Map
Map size
Large (8 player)
Population
200
Speed
Normal
Resources
Standard
Victory
Conquest
Starting age
Dark Age
Ending age
Imperial Age
RankedLock teamsTeams togetherTeam positionsShared explorationLock speedFull tech treeHidden civsTurbo modeCheats
Victory
Defeat
🇨🇳 Persians · China
1534
+12
🇻🇳 Magyars · Vietnam
1481
+14
🇺🇸 Britons · United States
1476
+14
🇨🇳 Cumans · China
1461
+15
🇩🇪 Britons · Germany
1512
-18
🇩🇪 Mongols · Germany
1451
-14
🇩🇪 Cumans · Germany
1406
-12
🇦🇹 Berbers · Austria
1369
-11
逸丶然
8:04 Feudal Age
9:00 Double-Bit Axe
10:06 Horse Collar
13:53 Loom
13:55 Horse Collar
16:21 Wheelbarrow
18:11 Gold Mining
20:28 Castle Age
18:48 Gold Mining
18:45 Loom
20:02 Scale Barding Armor
20:07 Forging
21:54 Chain Barding Armor
21:46 Bow Saw
21:37 Heavy Plow
22:16 Bloodlines
21:55 Town Watch
22:49 Iron Casting
25:04 Hand Cart
25:33 Gold Shaft Mining
24:51 Stone Mining
34:13 Imperial Age
34:30 Imperial Age
34:37 Cavalier
36:03 Plate Barding Armor
36:29 Blast Furnace
37:48 Two-Man Saw
37:20 Crop Rotation
37:38 Conscription
37:38 Guilds
37:07 Paladin
39:48 Fletching
41:31 Light Cavalry
44:00 Hoardings
44:56 Hussar
祈求好运
10:06 Feudal Age
14:43 Loom
17:26 Castle Age
15:44 Double-Bit Axe
16:36 Forging
16:33 Horse Collar
17:28 Bloodlines
19:50 Husbandry
24:24 Wheelbarrow
24:10 Scale Barding Armor
27:11 Chain Barding Armor
29:50 Iron Casting
30:22 Heavy Plow
31:12 Bow Saw
32:06 Gold Mining
34:32 Hand Cart
38:15 Imperial Age
38:12 Gold Shaft Mining
37:55 Cavalier
40:03 Two-Man Saw
39:54 Conscription
40:11 Plate Barding Armor
40:37 Blast Furnace
39:18 Savar
42:46 Coinage
43:48 Caravan
43:49 Light Cavalry
44:38 Stone Mining
45:36 Banking
45:13 Hussar
48:44 Guilds
kwestes
5:21 Loom
5:25 Loom
9:49 Feudal Age
10:53 Double-Bit Axe
12:12 Horse Collar
16:36 Castle Age
17:29 Wheelbarrow
16:53 Fletching
17:03 Padded Archer Armor
17:50 Bodkin Arrow
18:33 Bow Saw
19:59 Crossbowman
30:25 Leather Archer Armor
30:51 Ballistics
33:37 Imperial Age
32:30 Gold Mining
34:16 Forging
34:06 Scale Mail Armor
34:15 Heavy Plow
35:21 Chemistry
34:53 Conscription
36:04 Pikeman
36:46 Squires
37:24 Elite Longbowman
38:01 Gambesons
39:52 Bracer
40:23 Ring Archer Armor
42:45 Hoardings
43:02 Caravan
43:44 Hand Cart
44:00 Arbalester
44:02 Elite Skirmisher
44:57 Town Watch
ost.nostalgia
9:44 Feudal Age
10:48 Horse Collar
13:47 Loom
14:37 Double-Bit Axe
16:01 Man-at-Arms
18:32 Wheelbarrow
22:24 Castle Age
22:28 Fletching
23:35 Hand Cart
23:25 Town Watch
23:54 Bow Saw
24:15 Heavy Plow
25:21 Stone Mining
25:24 Gold Mining
28:35 Gold Shaft Mining
35:08 Imperial Age
33:33 Ballistics
33:58 Bodkin Arrow
34:58 Padded Archer Armor
35:31 Heavy Cavalry Archer
36:26 Bracer
37:18 Thumb Ring
37:39 Parthian Tactics
37:31 Leather Archer Armor
37:18 Recurve Bow
38:19 Chemistry
37:49 Scale Barding Armor
38:48 Two-Man Saw
38:18 Crop Rotation
37:53 Caravan
39:16 Bloodlines
39:06 Husbandry
40:17 Ring Archer Armor
42:15 Scale Barding Armor
Red Calypso
10:46 Feudal Age
11:59 Loom
15:33 Castle Age
18:23 Double-Bit Axe
19:20 Fletching
19:43 Padded Archer Armor
20:39 Bodkin Arrow
22:33 Padded Archer Armor
26:06 Wheelbarrow
26:18 Leather Archer Armor
32:34 Hand Cart
34:35 Hand Cart
34:40 Bow Saw
35:13 Horse Collar
36:20 Kasbah
37:35 Ballistics
41:34 Imperial Age
38:30 Light Cavalry
39:12 Husbandry
40:16 Scale Barding Armor
40:19 Heavy Plow
40:49 Bloodlines
40:55 Forging
41:39 Chain Barding Armor
42:42 Conscription
43:01 Plate Barding Armor
43:03 Iron Casting
42:18 Hussar
46:02 Blast Furnace
45:26 Bracer
45:39 Thumb Ring
44:54 Elite Genitour
47:37 Ring Archer Armor
48:10 Chemistry
49:19 Masonry
LukasPlanet
6:01 Loom
7:06 Loom
9:17 Feudal Age
9:49 Double-Bit Axe
9:45 Horse Collar
17:21 Wheelbarrow
21:19 Castle Age
22:42 Hand Cart
22:39 Bow Saw
22:31 Heavy Plow
23:58 Gold Mining
27:45 Stone Mining
28:35 Gold Shaft Mining
30:44 Imperial Age
32:31 Two-Man Saw
31:38 Scale Barding Armor
31:43 Forging
32:01 Bloodlines
31:11 Cavalier
33:09 Chain Barding Armor
35:01 Plate Barding Armor
36:22 Iron Casting
36:49 Paladin
41:09 Blast Furnace
42:01 Caravan
44:01 Light Cavalry
44:45 Steppe Husbandry
45:21 Hoardings
45:13 Ballistics
47:02 Chemistry
47:37 Fletching
ShellyBlackJack
10:21 Feudal Age
12:17 Loom
15:53 Castle Age
14:43 Double-Bit Axe
15:43 Horse Collar
17:10 Bow Saw
18:04 Wheelbarrow
19:51 Padded Archer Armor
21:10 Gold Mining
22:57 Heavy Plow
34:10 Imperial Age
31:57 Hand Cart
32:19 Fletching
33:14 Bodkin Arrow
33:58 Gold Shaft Mining
35:00 Ballistics
34:56 Leather Archer Armor
34:43 Husbandry
34:54 Bloodlines
41:00 Bracer
42:34 Caravan
45:09 Scale Barding Armor
45:14 Forging
44:53 Light Cavalry
Breznsoiza
10:44 Feudal Age
12:14 Double-Bit Axe
14:54 Castle Age
12:46 Double-Bit Axe
13:28 Fletching
15:40 Bodkin Arrow
17:07 Loom
20:36 Horse Collar
26:00 Bow Saw
29:58 Ballistics
29:40 Padded Archer Armor
30:31 Gold Mining
30:31 Stone Mining
34:57 Gold Shaft Mining
34:13 Stone Mining
38:29 Imperial Age
36:36 Wheelbarrow
35:47 Town Watch
37:08 Leather Archer Armor
37:43 Yeomen
39:07 Hand Cart
38:52 Town Patrol
38:37 Elite Longbowman
39:40 Conscription
39:23 Bracer
39:54 Ring Archer Armor
40:26 Chemistry
45:52 Caravan
Connection lost

Rejoining the realm…

Still unreachable

The connection could not be restored.

Session expired

The server has moved on; the page needs a fresh start.